Devils vs Blues
(R3)
Created - January 20, 2021 at 19:03
Goals
|
Devils |
0 |
1 |
0 |
1 |
Blues |
0 |
2 |
2 |
4 |
|
Shots
|
Devils |
7 |
8 |
13 |
28 |
Blues |
6 |
7 |
15 |
28 |
|
1st period
No Goal
Penalties :
Sergei Shirokov (STL) for Holding Stick (Minor) at 3:54, Zach Parise (NJD) for Interference (Minor) at 6:38, Anton Stralman (NJD) for Hooking (Minor) at 8:09, Marian Gaborik (NJD) for High sticking (Minor) at 14:59, Drew Shore (STL) for High sticking (Minor) at 17:26
2nd period
1. Devils , Nick Bonino 4 (Anton Stralman 14, Brad Richardson 8) at 1:52
2. Blues , Anthony Mantha 6 (Alex Pietrangelo 34, Drew Shore 9) at 6:31
3. Blues , Drew Shore 11 (Fabian Brunnstrom 13) at 7:23
Penalties :
Brad Richards (NJD) for Hooking (Minor) at 3:14, Alex Pietrangelo (STL) for Interference (Minor) at 7:42, Nicklas Backstrom (STL) for Hooking (Minor) at 13:26, Josh Gorges (NJD) for Holding (Minor) at 15:56, David Perron (STL) for Tripping (Minor) at 18:49
3rd period
4. Blues , Filip Forsberg 10 (Ryan O'Reilly 21, Alex Pietrangelo 35) at 2:58
5. Blues , Yann Sauvé 2 (Nicklas Backstrom 34) at 6:35
Penalties :
Anton Stralman (NJD) for Roughing (Minor) at 3:47, Ryan Murray (STL) for Hooking (Minor) at 8:32, Shayne Gostisbehere (STL) for Boarding (Minor) at 15:19
Goalie Stats
Maxime Daigneault (NJD), 24 saves from 28 shots - (0.857), L, 17-12-4, 60:00 minutes
Carey Price (STL), 27 saves from 28 shots - (0.964), W, 20-7-4, 60:00 minutes
Players Stats for Devils
Player Name G A P +/- PIM S H SB GA TA FO MP PP MP PK MP
------------------------------------------------------------------------------------
Anton Stralman 0 1 1 -1 4 2 0 2 0 0 0/0 26:54 8:52 4:40
Brad Richards 0 0 0 -1 2 1 0 0 1 0 3/7 15:02 5:44 2:17
Brad Richardson 0 1 1 1 0 0 2 0 0 0 0/0 7:03 0:00 0:00
Chris Stewart 0 0 0 -1 0 1 3 1 2 0 0/0 14:54 5:44 0:00
Eric Tangradi 0 0 0 1 0 0 1 1 0 0 0/0 8:43 0:00 1:20
Jamie Arniel 0 0 0 -1 0 2 3 0 1 1 6/12 13:13 0:10 3:39
Josh Gorges 0 0 0 -2 2 3 1 0 0 1 0/0 21:56 4:41 5:42
Kristopher Letang 0 0 0 -1 0 2 0 2 0 0 0/0 24:53 9:12 3:10
Marian Gaborik 0 0 0 -2 2 4 0 0 0 1 1/1 19:39 8:09 0:00
Martin Samuelsson 0 0 0 -1 0 1 0 0 0 0 7/10 12:33 0:00 5:54
Matt Donovan 0 0 0 0 0 0 0 0 0 0 0/0 14:37 0:00 4:01
Michael Del Zotto 0 0 0 -2 0 0 3 1 0 1 0/0 20:18 4:41 4:01
Nazem Kadri 0 0 0 -2 0 3 1 0 0 0 6/29 19:21 7:59 0:10
Nick Bonino 1 0 1 1 0 2 0 0 2 0 1/7 7:03 0:00 0:00
Patrick Kaleta 0 0 0 -1 0 2 1 0 0 0 1/1 12:43 0:10 5:54
Thomas Hickey 0 0 0 0 0 0 0 3 0 0 0/0 11:37 0:20 1:17
Tyler Ennis 0 0 0 -2 0 3 2 1 0 1 0/1 19:11 7:59 0:00
Zach Parise 0 0 0 -1 2 2 1 0 1 1 0/0 18:20 5:44 3:10
Players Stats for Blues
Player Name G A P +/- PIM S H SB GA TA FO MP PP MP PK MP
------------------------------------------------------------------------------------
Alex Pietrangelo 0 2 2 1 2 2 3 0 0 1 0/0 22:40 6:30 0:22
Anthony Mantha 1 0 1 2 0 1 0 0 0 0 1/1 6:40 0:00 0:00
Cody Ceci 0 0 0 1 0 2 1 0 0 1 0/0 17:23 0:24 9:02
David Perron 0 0 0 0 2 1 1 2 1 0 0/0 21:05 5:03 4:15
Drew Shore 1 1 2 2 2 1 2 0 0 0 12/17 14:48 0:00 7:09
Fabian Brunnstrom 0 1 1 2 0 0 0 0 1 0 0/0 7:46 0:00 1:06
Filip Forsberg 1 0 1 1 0 1 3 0 0 0 0/3 17:37 6:23 1:34
Gustav Nyquist 0 0 0 0 0 1 1 0 0 0 0/0 6:00 0:00 0:00
Jake Gardiner 0 0 0 1 0 0 2 0 2 1 0/0 21:50 6:29 4:47
Jimmy Vesey 0 0 0 0 0 0 0 0 0 1 0/0 6:00 0:00 0:00
Jordan Eberle 0 0 0 0 0 1 1 0 0 1 2/4 26:02 6:23 8:07
Nicklas Backstrom 0 1 1 0 2 8 2 2 0 0 12/24 17:41 6:23 0:29
Ryan Murray 0 0 0 1 2 2 2 2 0 1 0/0 25:43 4:57 3:54
Ryan O'Reilly 0 1 1 1 0 4 0 0 1 0 13/16 20:32 5:03 5:06
Sergei Shirokov 0 0 0 1 2 0 0 0 1 0 0/0 15:26 5:03 0:00
Shayne Gostisbehere 0 0 0 0 2 0 1 3 0 0 0/0 13:46 4:32 0:57
Vincent Lecavalier 0 0 0 0 0 1 1 0 0 0 3/3 6:00 0:00 0:00
Yann Sauvé 1 0 1 2 0 3 1 1 0 1 0/0 19:01 0:00 8:44
3 Stars
1 - Drew Shore (STL)
2 - Carey Price (STL)
3 - Yann Sauvé (STL)
Power Play
Devils - 0 on 7 Attempt(s) - 0.00%
Blues - 0 on 6 Attempt(s) - 0.00%
Penalty Kill
Devils - 6 on 6 Attempt(s) - 100.00%
- Score 0 goal in Penalty Kill
Blues - 7 on 7 Attempt(s) - 100.00%
- Score 0 goal in Penalty Kill
Team Stat
Devils - Hits : 18 - Faceoff Wins : 25 - Blocked Shots : 11 - Penalty Minutes : 12
Blues - Hits : 21 - Faceoff Wins : 43 - Blocked Shots : 10 - Penalty Minutes : 14
Official
Referees : Unknown
Linesman : Unknown
Game Notes
No Game Note
Finance
Level 1 -- Attendance: 5184 (86.40%) -- Ticket Income $596,160
Level 2 -- Attendance: 3743 (74.86%) -- Ticket Income $280,725
Level 3 -- Attendance: 1335 (66.75%) -- Ticket Income $66,750
Level 4 -- Attendance: 2931 (73.28%) -- Ticket Income $102,585
Luxury Box -- Attendance: 683 (68.30%) -- Ticket Income $153,675
Game was played at the Scotttrade center.
Total Attendance: 13876 (77.09%)
Total Ticket Income: $1,199,895
Other Income: $179,984
Total Income: $1,379,879
Devils
5 vs 5 Forward
Center Left Wing Right Wing Time % Phy DF OF
1 Nazem Kadri Tyler Ennis Marian Gaborik 36 0 2 3
2 Jamie Arniel Zach Parise Chris Stewart 32 0 2 3
3 Brad Richards Martin Samuelsson Patrick Kaleta 22 0 2 3
4 Nick Bonino Eric Tangradi Brad Richardson 10 0 2 3
5 vs 5 Defense
Defense Defense Time % Phy DF OF
1 Kristopher Letang Anton Stralman 40 0 3 2
2 Michael Del Zotto Josh Gorges 35 0 3 2
3 Thomas Hickey Matt Donovan 25 0 3 2
4 Kristopher Letang Anton Stralman 0 1 2 2
PowerPlay Forward
Center Left Wing Right Wing Time % Phy DF OF
1 Nazem Kadri Tyler Ennis Marian Gaborik 60 0 1 4
2 Brad Richards Zach Parise Chris Stewart 40 0 1 4
PowerPlay Defense
Defense Defense Time % Phy DF OF
1 Kristopher Letang Anton Stralman 60 0 1 4
2 Michael Del Zotto Josh Gorges 40 0 1 4
Penalty Kill 4 Players Forward
Center Wing Time % Phy DF OF
1 Martin Samuelsson Patrick Kaleta 60 1 3 1
2 Jamie Arniel Zach Parise 40 1 3 1
Penalty Kill 4 Players Defense
Defense Defense Time % Phy DF OF
1 Anton Stralman Josh Gorges 60 1 4 0
2 Michael Del Zotto Matt Donovan 40 1 4 0
Penalty Kill - 3 Players Forward
Forward Time % Phy DF OF
1 Zach Parise 60 1 3 1
2 Brad Richards 40 1 3 1
Penalty Kill - 3 Players Defense
Defense Defense Time % Phy DF OF
1 Kristopher Letang Anton Stralman 60 1 4 0
2 Michael Del Zotto Josh Gorges 40 1 4 0
4 vs 4 Forward
Center Wing Time % Phy DF OF
1 Nazem Kadri Tyler Ennis 60 0 2 3
2 Brad Richards Marian Gaborik 40 0 2 3
4 vs 4 Defense
Defense Defense Time % Phy DF OF
1 Kristopher Letang Anton Stralman 60 0 3 2
2 Michael Del Zotto Josh Gorges 40 0 3 2
Last Minutes Offensive
Center Left Wing Right Wing Defense Defense
Nazem Kadri Tyler Ennis Marian Gaborik Kristopher Letang Michael Del Zotto
Last Minutes Defensive
Center Left Wing Right Wing Defense Defense
Jamie Arniel Zach Parise Patrick Kaleta Josh Gorges Anton Stralman
Goaltenders
Starting : Maxime Daigneault
Backup : Thomas McCollum
Extra Forwards
Normal : Brad Richards, Patrick Kaleta, Martin Samuelsson - PP : Jamie Arniel, Patrick Kaleta - PK : Brad Richards
Extra Defensemen
Normal : Kristopher Letang, Matt Donovan, Michael Del Zotto - PP : Michael Del Zotto - PK : Kristopher Letang, Anton Stralman
Penalty Shots
Marian Gaborik, Tyler Ennis, Nazem Kadri, Chris Stewart, Zach Parise
Scratches
Mike Weber (Healthy)
Blues
5 vs 5 Forward
Center Left Wing Right Wing Time % Phy DF OF
1 Nicklas Backstrom David Perron Jordan Eberle 40 1 2 2
2 Ryan O'Reilly Filip Forsberg Sergei Shirokov 30 1 2 2
3 Drew Shore Fabian Brunnstrom Anthony Mantha 20 1 2 2
4 Vincent Lecavalier Jimmy Vesey Gustav Nyquist 10 1 2 2
5 vs 5 Defense
Defense Defense Time % Phy DF OF
1 Alex Pietrangelo Ryan Murray 40 1 2 2
2 Yann Sauvé Jake Gardiner 30 1 2 2
3 Cody Ceci Shayne Gostisbehere 20 1 2 2
4 Alex Pietrangelo Jake Gardiner 10 1 2 2
PowerPlay Forward
Center Left Wing Right Wing Time % Phy DF OF
1 Nicklas Backstrom Filip Forsberg Jordan Eberle 60 1 1 3
2 Ryan O'Reilly David Perron Sergei Shirokov 40 1 1 3
PowerPlay Defense
Defense Defense Time % Phy DF OF
1 Alex Pietrangelo Jake Gardiner 60 1 2 2
2 Shayne Gostisbehere Ryan Murray 40 1 2 2
Penalty Kill 4 Players Forward
Center Wing Time % Phy DF OF
1 Drew Shore Jordan Eberle 60 1 3 1
2 Ryan O'Reilly David Perron 40 1 3 1
Penalty Kill 4 Players Defense
Defense Defense Time % Phy DF OF
1 Yann Sauvé Cody Ceci 60 2 3 0
2 Ryan Murray Jake Gardiner 40 2 3 0
Penalty Kill - 3 Players Forward
Forward Time % Phy DF OF
1 Nicklas Backstrom 60 1 2 2
2 Jordan Eberle 40 1 2 2
Penalty Kill - 3 Players Defense
Defense Defense Time % Phy DF OF
1 Alex Pietrangelo Cody Ceci 60 1 2 2
2 Ryan Murray Yann Sauvé 40 1 2 2
4 vs 4 Forward
Center Wing Time % Phy DF OF
1 Nicklas Backstrom Jordan Eberle 60 1 2 2
2 Ryan O'Reilly David Perron 40 1 2 2
4 vs 4 Defense
Defense Defense Time % Phy DF OF
1 Alex Pietrangelo Cody Ceci 60 1 2 2
2 Jake Gardiner Yann Sauvé 40 1 2 2
Last Minutes Offensive
Center Left Wing Right Wing Defense Defense
Nicklas Backstrom David Perron Jordan Eberle Alex Pietrangelo Jake Gardiner
Last Minutes Defensive
Center Left Wing Right Wing Defense Defense
Drew Shore David Perron Jordan Eberle Yann Sauvé Cody Ceci
Goaltenders
Starting : Carey Price
Backup : Pascal Leclaire
Extra Forwards
Normal : Sergei Shirokov, Vincent Lecavalier, Ryan O'Reilly - PP : Gustav Nyquist, Nicklas Backstrom - PK : Filip Forsberg
Extra Defensemen
Normal : Shayne Gostisbehere, Cody Ceci, Jake Gardiner - PP : Shayne Gostisbehere - PK : Shayne Gostisbehere, Jake Gardiner
Penalty Shots
David Perron, Jordan Eberle, Filip Forsberg, Vincent Lecavalier, Nicklas Backstrom
Scratches
Simon Gagné (Healthy)
% Time on Ice - Devils
Lines # - Real PCT - Wanted PCT - Time Play
Normal Forward
1 - 34% - 36% - 11:38
2 - 27% - 32% - 9:27
3 - 19% - 22% - 6:33
4 - 20% - 10% - 7:03
Normal Defense
1 - 39% - 40% - 13:22
2 - 33% - 35% - 11:36
3 - 28% - 25% - 9:43
4 - 0% - 0% - 0:00
PP Forward
1 - 59% - 60% - 8:09
2 - 41% - 40% - 5:44
PP Defense
1 - 66% - 60% - 9:12
2 - 34% - 40% - 4:41
PK Forward
1 - 67% - 60% - 7:19
2 - 33% - 40% - 3:39
PK Defense
1 - 63% - 60% - 6:57
2 - 37% - 40% - 4:01
PK3 Forward
1 - 100% - 60% - 0:28
2 - 0% - 40% - 0:00
PK3 Defense
1 - 100% - 60% - 0:28
2 - 0% - 40% - 0:00
44 Forward
1 - 0% - 60%
2 - 0% - 40%
44 Defense
1 - 0% - 60%
2 - 0% - 40%
Last Minute Offensive - 0:00
Last Minute Defensive - 0:00
Total
Forward - 60:00
Defense - 60:00
|
% Time on Ice - Blues
Lines # - Real PCT - Wanted PCT - Time Play
Normal Forward
1 - 34% - 40% - 11:38
2 - 30% - 30% - 10:23
3 - 19% - 20% - 6:40
4 - 17% - 10% - 6:00
Normal Defense
1 - 45% - 40% - 15:44
2 - 34% - 30% - 11:57
3 - 16% - 20% - 5:37
4 - 4% - 10% - 1:23
PP Forward
1 - 56% - 60% - 6:23
2 - 44% - 40% - 5:03
PP Defense
1 - 60% - 60% - 6:54
2 - 40% - 40% - 4:32
PK Forward
1 - 68% - 60% - 9:30
2 - 32% - 40% - 4:23
PK Defense
1 - 63% - 60% - 8:44
2 - 37% - 40% - 5:09
PK3 Forward
1 - 0% - 60%
2 - 0% - 40%
PK3 Defense
1 - 0% - 60%
2 - 0% - 40%
44 Forward
1 - 0% - 60%
2 - 0% - 40%
44 Defense
1 - 0% - 60%
2 - 0% - 40%
Last Minute Offensive - 0:00
Last Minute Defensive - 0:00
Total
Forward - 60:00
Defense - 60:00
|
Play-by-Play
1st period
0:01 of 1st period - Nazem Kadri wins face-off versus Nicklas Backstrom in neutral zone.
0:52 of 1st period - Snap shot by Brad Richardson.
0:52 of 1st period - Shot Misses the Net.
1:06 of 1st period - Snap shot by Ryan O'Reilly.
1:06 of 1st period - Stopped by Maxime Daigneault without a rebound.
1:07 of 1st period - Drew Shore wins face-off versus Brad Richards in Devils zone.
1:08 of 1st period - Wrist shot by Fabian Brunnstrom.
1:08 of 1st period - Shot Blocked by Thomas Hickey.
1:18 of 1st period - Wrist shot by Anthony Mantha.
1:18 of 1st period - Shot Misses the Net.
1:34 of 1st period - Nicklas Backstrom is hit by Tyler Ennis and loses puck.
2:01 of 1st period - Jake Gardiner is hit by Chris Stewart and loses puck.
2:36 of 1st period - Slapshot by Martin Samuelsson.
2:36 of 1st period - Stopped by Carey Price without a rebound.
2:37 of 1st period - Ryan O'Reilly wins face-off versus Brad Richards in Blues zone.
3:02 of 1st period - Patrick Kaleta is hit by Alex Pietrangelo and loses puck.
3:54 of 1st period - Minor Penalty to Sergei Shirokov for Holding Stick.
3:55 of 1st period - Drew Shore wins face-off versus Nazem Kadri in Blues zone.
4:06 of 1st period - Wrist shot by Anton Stralman.
4:06 of 1st period - Deflect By Nazem Kadri.
4:06 of 1st period - Stopped by Carey Price without a rebound.
4:07 of 1st period - Nazem Kadri wins face-off versus Jordan Eberle in Blues zone.
4:22 of 1st period - Wrist shot by Marian Gaborik.
4:22 of 1st period - Stopped by Carey Price with a rebound.
4:24 of 1st period - Slapshot by Anton Stralman.
4:24 of 1st period - Deflect By Tyler Ennis.
4:24 of 1st period - Deflect By Jordan Eberle.
4:24 of 1st period - Stopped by Carey Price without a rebound.
4:25 of 1st period - Drew Shore wins face-off versus Nazem Kadri in Blues zone.
5:17 of 1st period - Yann Sauvé is hit by Chris Stewart and loses puck.
5:41 of 1st period - Snap shot by Brad Richards.
5:41 of 1st period - Stopped by Carey Price without a rebound.
5:42 of 1st period - Drew Shore wins face-off versus Nazem Kadri in Blues zone.
5:52 of 1st period - Off-side.
5:53 of 1st period - Drew Shore wins face-off versus Nazem Kadri in neutral zone.
5:54 of 1st period - Penalty to Sergei Shirokov is over, Sergei Shirokov is back on ice.
6:25 of 1st period - Wrist shot by Vincent Lecavalier.
6:25 of 1st period - Shot Misses the Net.
6:27 of 1st period - Wrist shot by Gustav Nyquist.
6:27 of 1st period - Shot Misses the Net.
6:29 of 1st period - Snap shot by Ryan Murray.
6:29 of 1st period - Stopped by Maxime Daigneault without a rebound.
6:30 of 1st period - Nicklas Backstrom wins face-off versus Jamie Arniel in Devils zone.
6:38 of 1st period - Minor Penalty to Zach Parise for Interference.
6:39 of 1st period - Nicklas Backstrom wins face-off versus Martin Samuelsson in Devils zone.
6:39 of 1st period - Slapshot by Alex Pietrangelo.
6:39 of 1st period - Deflect By Jordan Eberle.
6:39 of 1st period - Stopped by Maxime Daigneault without a rebound.
6:40 of 1st period - Martin Samuelsson wins face-off versus Nicklas Backstrom in Devils zone.
6:53 of 1st period - Slapshot by Alex Pietrangelo.
6:53 of 1st period - Deflect By Anton Stralman.
6:53 of 1st period - Stopped by Maxime Daigneault without a rebound.
6:54 of 1st period - Nicklas Backstrom wins face-off versus Martin Samuelsson in Devils zone.
7:48 of 1st period - Icing by Shayne Gostisbehere.
7:49 of 1st period - Martin Samuelsson wins face-off versus Nicklas Backstrom in Blues zone.
8:09 of 1st period - Minor Penalty to Anton Stralman for Hooking.
8:10 of 1st period - Brad Richards wins face-off versus Jordan Eberle in Devils zone.
8:38 of 1st period - Penalty to Zach Parise is over, Zach Parise is back on ice.
8:42 of 1st period - Snap shot by Alex Pietrangelo.
8:42 of 1st period - Deflect By Ryan O'Reilly.
8:42 of 1st period - Stopped by Maxime Daigneault without a rebound.
8:43 of 1st period - Martin Samuelsson wins face-off versus Ryan O'Reilly in Devils zone.
8:48 of 1st period - Snap shot by Patrick Kaleta.
8:48 of 1st period - Deflect By Martin Samuelsson.
8:48 of 1st period - Shot Misses the Net.
8:48 of 1st period - Puck is out of play.
8:49 of 1st period - Martin Samuelsson wins face-off versus Nicklas Backstrom in Blues zone.
8:52 of 1st period - Wrist shot by Patrick Kaleta.
8:52 of 1st period - Shot Blocked by Shayne Gostisbehere.
8:58 of 1st period - Snap shot by Martin Samuelsson.
8:58 of 1st period - Shot Blocked by Shayne Gostisbehere.
10:02 of 1st period - Eric Tangradi is hit by Jake Gardiner and loses puck.
10:09 of 1st period - Penalty to Anton Stralman is over, Anton Stralman is back on ice.
10:17 of 1st period - Snap shot by Nazem Kadri.
10:17 of 1st period - Stopped by Carey Price with a rebound.
10:44 of 1st period - Shayne Gostisbehere is hit by Jamie Arniel and loses puck.
10:55 of 1st period - Snap shot by Jimmy Vesey.
10:55 of 1st period - Shot Misses the Net.
11:24 of 1st period - Off-side.
11:25 of 1st period - Jamie Arniel wins face-off versus Ryan O'Reilly in neutral zone.
11:37 of 1st period - Slapshot by Zach Parise.
11:37 of 1st period - Shot Misses the Net.
11:56 of 1st period - Josh Gorges is hit by Alex Pietrangelo and loses puck.
12:36 of 1st period - Jamie Arniel is hit by Gustav Nyquist and loses puck.
13:13 of 1st period - Marian Gaborik is hit by Ryan Murray and loses puck.
13:40 of 1st period - Slapshot by Chris Stewart.
13:40 of 1st period - Stopped by Carey Price with a rebound.
14:43 of 1st period - Snap shot by Nicklas Backstrom.
14:43 of 1st period - Stopped by Maxime Daigneault without a rebound.
14:44 of 1st period - Nicklas Backstrom wins face-off versus Nazem Kadri in Devils zone.
14:59 of 1st period - Minor Penalty to Marian Gaborik for High sticking.
15:00 of 1st period - Martin Samuelsson wins face-off versus Nicklas Backstrom in Devils zone.
15:00 of 1st period - Martin Samuelsson is hit by Filip Forsberg.
16:03 of 1st period - Matt Donovan is hit by Jake Gardiner and loses puck.
16:59 of 1st period - Penalty to Marian Gaborik is over, Marian Gaborik is back on ice.
17:26 of 1st period - Minor Penalty to Drew Shore for High sticking.
17:27 of 1st period - Nazem Kadri wins face-off versus Filip Forsberg in Blues zone.
19:26 of 1st period - Penalty to Drew Shore is over, Drew Shore is back on ice.
19:41 of 1st period - Ryan Murray is hit by Eric Tangradi and loses puck.
19:46 of 1st period - Wrist shot by Nick Bonino.
19:46 of 1st period - Shot Blocked by Ryan Murray.
Goals for this period are 0 for Devils vs 0 for Blues.
Shots for this period are 7 for Devils vs 6 for Blues.
2nd period
0:01 of 2nd period - Jamie Arniel wins face-off versus Nicklas Backstrom in neutral zone.
0:03 of 2nd period - Kristopher Letang is hit by Alex Pietrangelo and loses puck.
0:08 of 2nd period - Wrist shot by Zach Parise.
0:08 of 2nd period - Stopped by Carey Price without a rebound.
0:09 of 2nd period - Nicklas Backstrom wins face-off versus Jamie Arniel in Blues zone.
0:34 of 2nd period - Alex Pietrangelo is hit by Chris Stewart and loses puck.
0:45 of 2nd period - Slapshot by Jamie Arniel.
0:45 of 2nd period - Shot Blocked by Nicklas Backstrom.
0:47 of 2nd period - Wrist shot by Jamie Arniel.
0:47 of 2nd period - Deflect By Chris Stewart.
0:47 of 2nd period - Shot Blocked by David Perron.
0:47 of 2nd period - Puck is out of play.
0:48 of 2nd period - Nazem Kadri wins face-off versus Ryan O'Reilly in Blues zone.
1:19 of 2nd period - Wrist shot by Patrick Kaleta.
1:19 of 2nd period - Shot Blocked by Yann Sauvé.
1:36 of 2nd period - Off-side.
1:37 of 2nd period - Nicklas Backstrom wins face-off versus Nick Bonino in neutral zone.
1:40 of 2nd period - Slapshot by Ryan Murray.
1:40 of 2nd period - Deflect By Jordan Eberle.
1:40 of 2nd period - Shot Misses the Net.
1:40 of 2nd period - Puck is out of play.
1:41 of 2nd period - Jordan Eberle wins face-off versus Nick Bonino in Devils zone.
1:50 of 2nd period - Snap shot by Anton Stralman.
1:50 of 2nd period - Stopped by Carey Price with a rebound.
1:52 of 2nd period - Snap shot by Nick Bonino.
1:52 of 2nd period - Goal by Nick Bonino - Devils : 1 - Blues : 0.
1:53 of 2nd period - Nicklas Backstrom wins face-off versus Nazem Kadri in neutral zone.
2:00 of 2nd period - Snap shot by Nicklas Backstrom.
2:00 of 2nd period - Stopped by Maxime Daigneault with a rebound.
2:02 of 2nd period - Snap shot by Nicklas Backstrom.
2:02 of 2nd period - Stopped by Maxime Daigneault with a rebound.
2:04 of 2nd period - Slapshot by Ryan Murray.
2:04 of 2nd period - Shot Misses the Net.
2:10 of 2nd period - Snap shot by Nicklas Backstrom.
2:10 of 2nd period - Stopped by Maxime Daigneault without a rebound.
2:11 of 2nd period - Ryan O'Reilly wins face-off versus Jamie Arniel in Devils zone.
2:32 of 2nd period - Zach Parise is hit by Filip Forsberg and loses puck.
2:47 of 2nd period - Snap shot by Nazem Kadri.
2:47 of 2nd period - Shot Misses the Net.
2:53 of 2nd period - Snap shot by Tyler Ennis.
2:53 of 2nd period - Stopped by Carey Price with a rebound.
2:55 of 2nd period - Wrist shot by Tyler Ennis.
2:55 of 2nd period - Stopped by Carey Price with a rebound.
2:57 of 2nd period - Slapshot by Marian Gaborik.
2:57 of 2nd period - Shot Misses the Net.
3:14 of 2nd period - Minor Penalty to Brad Richards for Hooking.
3:15 of 2nd period - Martin Samuelsson wins face-off versus Filip Forsberg in Devils zone.
3:48 of 2nd period - Jake Gardiner is hit by Josh Gorges.
4:52 of 2nd period - Icing by Jake Gardiner.
4:53 of 2nd period - Ryan O'Reilly wins face-off versus Nazem Kadri in Blues zone.
5:14 of 2nd period - Penalty to Brad Richards is over, Brad Richards is back on ice.
5:27 of 2nd period - Slapshot by Fabian Brunnstrom.
5:27 of 2nd period - Shot Blocked by Thomas Hickey.
6:13 of 2nd period - Slapshot by Nick Bonino.
6:13 of 2nd period - Shot Misses the Net.
6:29 of 2nd period - Slapshot by Alex Pietrangelo.
6:29 of 2nd period - Shot Blocked by Anton Stralman.
6:31 of 2nd period - Wrist shot by Anthony Mantha.
6:31 of 2nd period - Goal by Anthony Mantha - Devils : 1 - Blues : 1.
6:32 of 2nd period - Nicklas Backstrom wins face-off versus Jamie Arniel in neutral zone.
6:35 of 2nd period - Zach Parise is hit by Nicklas Backstrom and loses puck.
6:44 of 2nd period - Slapshot by Josh Gorges.
6:44 of 2nd period - Shot Blocked by David Perron.
6:58 of 2nd period - Josh Gorges is hit by Filip Forsberg and loses puck.
7:23 of 2nd period - Snap shot by Drew Shore.
7:23 of 2nd period - Goal by Drew Shore - Devils : 1 - Blues : 2.
7:24 of 2nd period - Jamie Arniel wins face-off versus Nicklas Backstrom in neutral zone.
7:42 of 2nd period - Minor Penalty to Alex Pietrangelo for Interference.
7:43 of 2nd period - Nazem Kadri wins face-off versus Drew Shore in Blues zone.
7:52 of 2nd period - Snap shot by Nazem Kadri.
7:52 of 2nd period - Shot Misses the Net.
8:14 of 2nd period - Off-side.
8:15 of 2nd period - Ryan O'Reilly wins face-off versus Nazem Kadri in neutral zone.
9:28 of 2nd period - David Perron is hit by Nazem Kadri and loses puck.
9:42 of 2nd period - Penalty to Alex Pietrangelo is over, Alex Pietrangelo is back on ice.
9:53 of 2nd period - Cody Ceci is hit by Brad Richardson and loses puck.
9:58 of 2nd period - Snap shot by Nick Bonino.
9:58 of 2nd period - Shot Blocked by Shayne Gostisbehere.
10:22 of 2nd period - Slapshot by Shayne Gostisbehere.
10:22 of 2nd period - Shot Misses the Net.
11:18 of 2nd period - Alex Pietrangelo is hit by Michael Del Zotto and loses puck.
11:29 of 2nd period - Anton Stralman is hit by Drew Shore and loses puck.
11:44 of 2nd period - Martin Samuelsson is hit by Shayne Gostisbehere and loses puck.
12:09 of 2nd period - Icing by Matt Donovan.
12:10 of 2nd period - Vincent Lecavalier wins face-off versus Nick Bonino in Devils zone.
12:28 of 2nd period - Icing by Thomas Hickey.
12:29 of 2nd period - Nick Bonino wins face-off versus Nicklas Backstrom in Devils zone.
12:56 of 2nd period - Icing by Alex Pietrangelo.
12:57 of 2nd period - Ryan O'Reilly wins face-off versus Nazem Kadri in Blues zone.
13:02 of 2nd period - Snap shot by Filip Forsberg.
13:02 of 2nd period - Deflect By Sergei Shirokov.
13:02 of 2nd period - Shot Misses the Net.
13:02 of 2nd period - Puck is out of play.
13:03 of 2nd period - Nicklas Backstrom wins face-off versus Nazem Kadri in Devils zone.
13:04 of 2nd period - Backhand shot by Jordan Eberle.
13:04 of 2nd period - Shot Misses the Net.
13:16 of 2nd period - Wrist shot by Marian Gaborik.
13:16 of 2nd period - Stopped by Carey Price with a rebound.
13:18 of 2nd period - Slapshot by Tyler Ennis.
13:18 of 2nd period - Shot Blocked by Nicklas Backstrom.
13:26 of 2nd period - Minor Penalty to Nicklas Backstrom for Hooking.
13:27 of 2nd period - Drew Shore wins face-off versus Nazem Kadri in Blues zone.
13:54 of 2nd period - David Perron is hit by Zach Parise and loses puck.
14:20 of 2nd period - Icing by Josh Gorges.
14:21 of 2nd period - Brad Richards wins face-off versus Drew Shore in Devils zone.
15:26 of 2nd period - Penalty to Nicklas Backstrom is over, Nicklas Backstrom is back on ice.
15:34 of 2nd period - Icing by Yann Sauvé.
15:35 of 2nd period - Vincent Lecavalier wins face-off versus Nick Bonino in Blues zone.
15:35 of 2nd period - Vincent Lecavalier is hit by Michael Del Zotto.
15:40 of 2nd period - Yann Sauvé is hit by Michael Del Zotto.
15:44 of 2nd period - Slapshot by Gustav Nyquist.
15:44 of 2nd period - Shot Blocked by Eric Tangradi.
15:46 of 2nd period - Snap shot by Jimmy Vesey.
15:46 of 2nd period - Shot Misses the Net.
15:50 of 2nd period - Snap shot by Gustav Nyquist.
15:50 of 2nd period - Stopped by Maxime Daigneault with a rebound.
15:56 of 2nd period - Minor Penalty to Josh Gorges for Holding.
15:57 of 2nd period - Patrick Kaleta wins face-off versus Nicklas Backstrom in Devils zone.
16:29 of 2nd period - Slapshot by David Perron.
16:29 of 2nd period - Shot Misses the Net.
16:31 of 2nd period - Wrist shot by Ryan O'Reilly.
16:31 of 2nd period - Shot Blocked by Kristopher Letang.
16:33 of 2nd period - Slapshot by Sergei Shirokov.
16:33 of 2nd period - Shot Blocked by Kristopher Letang.
16:35 of 2nd period - Wrist shot by Ryan O'Reilly.
16:35 of 2nd period - Stopped by Maxime Daigneault with a rebound.
16:37 of 2nd period - Slapshot by Ryan Murray.
16:37 of 2nd period - Shot Misses the Net.
17:28 of 2nd period - Icing by Jake Gardiner.
17:29 of 2nd period - Jamie Arniel wins face-off versus Nicklas Backstrom in Blues zone.
17:44 of 2nd period - Snap shot by Zach Parise.
17:44 of 2nd period - Stopped by Carey Price without a rebound.
17:45 of 2nd period - Ryan O'Reilly wins face-off versus Martin Samuelsson in Blues zone.
17:45 of 2nd period - Ryan O'Reilly is hit by Patrick Kaleta.
17:56 of 2nd period - Penalty to Josh Gorges is over, Josh Gorges is back on ice.
18:49 of 2nd period - Minor Penalty to David Perron for Tripping.
18:50 of 2nd period - Marian Gaborik wins face-off versus Drew Shore in Blues zone.
18:57 of 2nd period - Snap shot by Nazem Kadri.
18:57 of 2nd period - Shot Misses the Net.
18:59 of 2nd period - Slapshot by Anton Stralman.
18:59 of 2nd period - Deflect By Jordan Eberle.
18:59 of 2nd period - Stopped by Carey Price without a rebound.
19:00 of 2nd period - Drew Shore wins face-off versus Nazem Kadri in Blues zone.
19:11 of 2nd period - Wrist shot by Jordan Eberle.
19:11 of 2nd period - Shot Misses the Net.
19:23 of 2nd period - Snap shot by Nazem Kadri.
19:23 of 2nd period - Deflect By Tyler Ennis.
19:23 of 2nd period - Shot Misses the Net.
19:23 of 2nd period - Puck is out of play.
19:24 of 2nd period - Brad Richards wins face-off versus Drew Shore in Blues zone.
Goals for this period are 1 for Devils vs 2 for Blues.
Shots for this period are 8 for Devils vs 7 for Blues.
3rd period
0:01 of 3rd period - Drew Shore wins face-off versus Nazem Kadri in neutral zone.
0:23 of 3rd period - Icing by Anton Stralman.
0:24 of 3rd period - Ryan O'Reilly wins face-off versus Nazem Kadri in Devils zone.
0:37 of 3rd period - Icing by Nazem Kadri.
0:38 of 3rd period - Drew Shore wins face-off versus Nazem Kadri in Devils zone.
0:49 of 3rd period - Penalty to David Perron is over, David Perron is back on ice.
1:05 of 3rd period - Slapshot by Marian Gaborik.
1:05 of 3rd period - Shot Misses the Net.
1:07 of 3rd period - Slapshot by Kristopher Letang.
1:07 of 3rd period - Deflect By Drew Shore.
1:07 of 3rd period - Stopped by Carey Price with a rebound.
1:09 of 3rd period - Wrist shot by Marian Gaborik.
1:09 of 3rd period - Stopped by Carey Price without a rebound.
1:10 of 3rd period - Ryan O'Reilly wins face-off versus Jamie Arniel in Blues zone.
1:10 of 3rd period - Ryan O'Reilly is hit by Jamie Arniel.
1:43 of 3rd period - Wrist shot by Patrick Kaleta.
1:43 of 3rd period - Stopped by Carey Price without a rebound.
1:44 of 3rd period - Nicklas Backstrom wins face-off versus Brad Richards in Blues zone.
1:53 of 3rd period - Slapshot by Yann Sauvé.
1:53 of 3rd period - Shot Misses the Net.
1:55 of 3rd period - Wrist shot by Yann Sauvé.
1:55 of 3rd period - Deflect By Kristopher Letang.
1:55 of 3rd period - Stopped by Maxime Daigneault with a rebound.
1:57 of 3rd period - Slapshot by Yann Sauvé.
1:57 of 3rd period - Stopped by Maxime Daigneault with a rebound.
1:59 of 3rd period - Wrist shot by Nicklas Backstrom.
1:59 of 3rd period - Deflect By Patrick Kaleta.
1:59 of 3rd period - Stopped by Maxime Daigneault without a rebound.
2:00 of 3rd period - Ryan O'Reilly wins face-off versus Nazem Kadri in Devils zone.
2:13 of 3rd period - Snap shot by Alex Pietrangelo.
2:13 of 3rd period - Shot Blocked by Tyler Ennis.
2:15 of 3rd period - Wrist shot by Sergei Shirokov.
2:15 of 3rd period - Shot Blocked by Anton Stralman.
2:17 of 3rd period - Snap shot by Ryan O'Reilly.
2:17 of 3rd period - Stopped by Maxime Daigneault without a rebound.
2:18 of 3rd period - Jamie Arniel wins face-off versus Nicklas Backstrom in Devils zone.
2:18 of 3rd period - Jamie Arniel is hit by Nicklas Backstrom.
2:24 of 3rd period - Snap shot by Jamie Arniel.
2:24 of 3rd period - Stopped by Carey Price with a rebound.
2:58 of 3rd period - Snap shot by Filip Forsberg.
2:58 of 3rd period - Goal by Filip Forsberg - Devils : 1 - Blues : 3.
2:59 of 3rd period - Jordan Eberle wins face-off versus Nazem Kadri in neutral zone.
3:03 of 3rd period - Off-side.
3:04 of 3rd period - Nicklas Backstrom wins face-off versus Nazem Kadri in neutral zone.
3:07 of 3rd period - Marian Gaborik is hit by David Perron and loses puck.
3:32 of 3rd period - Anton Stralman is hit by Ryan Murray and loses puck.
3:47 of 3rd period - Minor Penalty to Anton Stralman for Roughing.
3:48 of 3rd period - Martin Samuelsson wins face-off versus Filip Forsberg in Devils zone.
4:27 of 3rd period - Snap shot by David Perron.
4:27 of 3rd period - Stopped by Maxime Daigneault with a rebound.
5:47 of 3rd period - Penalty to Anton Stralman is over, Anton Stralman is back on ice.
5:59 of 3rd period - Slapshot by Jimmy Vesey.
5:59 of 3rd period - Shot Misses the Net.
6:01 of 3rd period - Slapshot by Cody Ceci.
6:01 of 3rd period - Stopped by Maxime Daigneault with a rebound.
6:03 of 3rd period - Slapshot by Cody Ceci.
6:03 of 3rd period - Stopped by Maxime Daigneault without a rebound.
6:04 of 3rd period - Anthony Mantha wins face-off versus Nazem Kadri in Devils zone.
6:05 of 3rd period - Snap shot by Drew Shore.
6:05 of 3rd period - Deflect By Fabian Brunnstrom.
6:05 of 3rd period - Shot Misses the Net.
6:05 of 3rd period - Puck is out of play.
6:06 of 3rd period - Drew Shore wins face-off versus Tyler Ennis in Devils zone.
6:33 of 3rd period - Slapshot by Nicklas Backstrom.
6:33 of 3rd period - Shot Blocked by Chris Stewart.
6:35 of 3rd period - Slapshot by Yann Sauvé.
6:35 of 3rd period - Goal by Yann Sauvé - Devils : 1 - Blues : 4.
6:36 of 3rd period - Nazem Kadri wins face-off versus Nicklas Backstrom in neutral zone.
6:45 of 3rd period - Slapshot by Nicklas Backstrom.
6:45 of 3rd period - Stopped by Maxime Daigneault with a rebound.
6:47 of 3rd period - Snap shot by Nicklas Backstrom.
6:47 of 3rd period - Stopped by Maxime Daigneault with a rebound.
6:49 of 3rd period - Snap shot by Jordan Eberle.
6:49 of 3rd period - Shot Blocked by Michael Del Zotto.
6:51 of 3rd period - Snap shot by Alex Pietrangelo.
6:51 of 3rd period - Stopped by Maxime Daigneault without a rebound.
6:52 of 3rd period - Ryan O'Reilly wins face-off versus Jamie Arniel in Devils zone.
7:30 of 3rd period - Snap shot by Nicklas Backstrom.
7:30 of 3rd period - Deflect By Nazem Kadri.
7:30 of 3rd period - Shot Misses the Net.
7:30 of 3rd period - Puck is out of play.
7:31 of 3rd period - Jamie Arniel wins face-off versus Drew Shore in Devils zone.
7:31 of 3rd period - Jamie Arniel is hit by Drew Shore.
8:10 of 3rd period - Nazem Kadri is hit by Jordan Eberle and loses puck.
8:32 of 3rd period - Minor Penalty to Ryan Murray for Hooking.
8:33 of 3rd period - Drew Shore wins face-off versus Brad Richards in Blues zone.
9:14 of 3rd period - Michael Del Zotto is hit by Yann Sauvé and loses puck.
10:32 of 3rd period - Penalty to Ryan Murray is over, Ryan Murray is back on ice.
10:47 of 3rd period - Snap shot by Nick Bonino.
10:47 of 3rd period - Stopped by Carey Price without a rebound.
10:48 of 3rd period - Ryan O'Reilly wins face-off versus Nick Bonino in Blues zone.
12:26 of 3rd period - Wrist shot by Filip Forsberg.
12:26 of 3rd period - Shot Misses the Net.
13:18 of 3rd period - Marian Gaborik is hit by Vincent Lecavalier and loses puck.
13:33 of 3rd period - Gustav Nyquist is hit by Tyler Ennis and loses puck.
13:44 of 3rd period - Jordan Eberle is hit by Brad Richardson.
14:08 of 3rd period - Wrist shot by Jamie Arniel.
14:08 of 3rd period - Stopped by Carey Price with a rebound.
14:10 of 3rd period - Slapshot by Josh Gorges.
14:10 of 3rd period - Stopped by Carey Price without a rebound.
14:11 of 3rd period - Ryan O'Reilly wins face-off versus Nazem Kadri in Blues zone.
14:22 of 3rd period - Wrist shot by Tyler Ennis.
14:22 of 3rd period - Deflect By Nazem Kadri.
14:22 of 3rd period - Stopped by Carey Price with a rebound.
14:26 of 3rd period - Backhand shot by Tyler Ennis.
14:26 of 3rd period - Shot Misses the Net.
14:28 of 3rd period - Slapshot by Marian Gaborik.
14:28 of 3rd period - Stopped by Carey Price with a rebound.
14:38 of 3rd period - Snap shot by Brad Richards.
14:38 of 3rd period - Shot Blocked by Ryan Murray.
14:40 of 3rd period - Snap shot by Patrick Kaleta.
14:40 of 3rd period - Stopped by Carey Price with a rebound.
14:42 of 3rd period - Wrist shot by Martin Samuelsson.
14:42 of 3rd period - Shot Misses the Net.
14:44 of 3rd period - Slapshot by Josh Gorges.
14:44 of 3rd period - Stopped by Carey Price with a rebound.
14:46 of 3rd period - Snap shot by Josh Gorges.
14:46 of 3rd period - Stopped by Carey Price with a rebound.
14:50 of 3rd period - Slapshot by Patrick Kaleta.
14:50 of 3rd period - Shot Misses the Net.
15:04 of 3rd period - Wrist shot by Nicklas Backstrom.
15:04 of 3rd period - Stopped by Maxime Daigneault with a rebound.
15:06 of 3rd period - Backhand shot by Ryan Murray.
15:06 of 3rd period - Stopped by Maxime Daigneault without a rebound.
15:07 of 3rd period - Nicklas Backstrom wins face-off versus Nazem Kadri in Devils zone.
15:08 of 3rd period - Snap shot by Jordan Eberle.
15:08 of 3rd period - Shot Misses the Net.
15:19 of 3rd period - Minor Penalty to Shayne Gostisbehere for Boarding.
15:20 of 3rd period - Drew Shore wins face-off versus Nazem Kadri in Blues zone.
15:36 of 3rd period - Wrist shot by Marian Gaborik.
15:36 of 3rd period - Shot Misses the Net.
15:50 of 3rd period - Slapshot by Kristopher Letang.
15:50 of 3rd period - Deflect By David Perron.
15:50 of 3rd period - Stopped by Carey Price without a rebound.
15:51 of 3rd period - Ryan O'Reilly wins face-off versus Nazem Kadri in Blues zone.
17:19 of 3rd period - Penalty to Shayne Gostisbehere is over, Shayne Gostisbehere is back on ice.
17:37 of 3rd period - Snap shot by David Perron.
17:37 of 3rd period - Shot Blocked by Thomas Hickey.
17:40 of 3rd period - Icing by Thomas Hickey.
17:41 of 3rd period - Vincent Lecavalier wins face-off versus Nick Bonino in Devils zone.
17:56 of 3rd period - Slapshot by Vincent Lecavalier.
17:56 of 3rd period - Stopped by Maxime Daigneault with a rebound.
19:34 of 3rd period - Fabian Brunnstrom is hit by Jamie Arniel and loses puck.
19:51 of 3rd period - Josh Gorges is hit by Cody Ceci and loses puck.
Goals for this period are 0 for Devils vs 2 for Blues.
Shots for this period are 13 for Devils vs 15 for Blues.